[Event "45th National Sub Junior 2019"]
[Site "Tiruchengode"]
[Date "2019.07.14"]
[Round "8.7"]
[White "Anadkat Kartavya"]
[Black "Srikrishnan P"]
[Result "1/2-1/2"]
[ECO "C00"]
[WhiteElo "1941"]
[BlackElo "1990"]
[Annotator "NA"]
[PlyCount "123"]
[EventDate "2019.07.09"]
[EventCountry "IND"]
[SourceTitle "playchess.com"]
[Source "ChessBase"]
[SourceQuality "1"]
[TimeControl "5400+30"]

1. e4 e6 2. d3 d5 3. Nd2 c5 4. Ngf3 Nc6 5. g3 Nf6 6. Bg2 Be7 7. O-O O-O 8. Re1 dxe4 9. dxe4 e5 10. c3 Be6 11. Qe2 {[%emt 0:02:13] C00: French: Unusual White 2nd moves} Qc7 12. Nf1 (12. Ng5 Bg4 13. f3 Bd7 14. Nc4 h6 15. Nh3 Rfe8 16. Nf2 Bf8 17. Ne3 Be6 18. Bh3 Bxh3 19. Nxh3 {1-0 (43) Markos,J (2591)-Caletka,R (2362) Czechia 2015}) 12... Rfd8 13. Ng5 Bg4 14. Qc4 $146 ({Predecessor:} 14. f3 Bh5 15. g4 Bg6 16. h4 h5 17. Ng3 Rd7 {½-½ (27) Bormann,J (1648)-Kalauch,L (1524) Hamburg 2011}) 14... Bf8 15. Ne3 Na5 16. Qf1 h6 17. Nxg4 Nxg4 18. Nf3 c4 19. h3 Nf6 20. Qe2 Nd7 21. Nd2 Nc5 22. Nf1 Nd3 23. Rd1 b5 24. Ne3 Rab8 25. Nd5 Qb7 26. b4 Nc6 27. Be3 a5 28. a3 Ra8 29. f4 axb4 30. axb4 Rxa1 31. Rxa1 Ra8 $1 32. Qd1 exf4 $11 33. gxf4 Ra6 34. e5 Qa8 35. Rxa6 Qxa6 36. Qg4 Ne7 37. Nf6+ Kh8 38. Nd7 Ng6 39. Nxf8 Nxf8 40. Kh2 Qa1 41. f5 Nxe5 42. Qd4 Nfd7 43. f6 gxf6 44. Bxh6 Qb2 45. Qd2 Qxd2 46. Bxd2 Kg7 47. Kg3 Kg6 48. Be4+ f5 49. Bb7 Nf6 50. Kf4 Nd3+ 51. Kf3 Ne8 52. Ke3 Nd6 53. Bf3 f4+ 54. Kd4 Nf5+ 55. Kd5 Nh4 56. Be4+ f5 57. Bxd3 cxd3 58. Bxf4 Nf3 59. c4 d2 60. Bxd2 Nxd2 61. cxb5 f4 62. Kd4 1/2-1/2

[Event "45th National Sub Junior 2019"]
[Site "Tiruchengode"]
[Date "2019.07.14"]
[Round "8.8"]
[White "Aditya Bikram Paul"]
[Black "Ayushh Ravikumar"]
[Result "1/2-1/2"]
[ECO "E17"]
[WhiteElo "1761"]
[BlackElo "1946"]
[Annotator "NA"]
[PlyCount "64"]
[EventDate "2019.07.09"]
[EventCountry "IND"]
[SourceTitle "playchess.com"]
[Source "ChessBase"]
[SourceQuality "1"]
[TimeControl "5400+30"]

1. c4 Nf6 2. g3 e6 3. Bg2 d5 4. Nf3 Be7 5. O-O O-O 6. b3 b6 7. Bb2 Bb7 8. cxd5 exd5 9. d4 Ne4 {[%emt 0:04:53] E17: Queen's Indian: 4 g3 Bb7 5 Bg2 Be7} (9... Nbd7 10. Nc3 Re8 11. a3 a6 12. Ne5 Bf8 13. Nd3 Ne4 14. Qc2 Bd6 15. e3 Qe7 16. Nb4 Bxb4 17. axb4 Nxc3 18. Bxc3 Nf6 {½-½ (42) Fedoseev,V (2715)-Abdusattorov,N (2560) Sharjah 2019}) 10. Nbd2 Nxd2 11. Qxd2 Re8 $146 ({Predecessor:} 11... Nd7 12. Rac1 Re8 13. Ne5 Nxe5 14. dxe5 c6 15. Rfd1 f6 16. e4 dxe4 17. Qc2 {1-0 (42) Ptacnikova,L (2238)-Dolzhikova,O (2198) Warsaw 2013}) 12. Rac1 Bd6 13. Ne5 Qe7 14. e3 Nd7 15. Nc4 Nf6 16. Nxd6 Qxd6 17. Qc2 Re7 18. a4 c6 19. Ra1 Rc7 20. Ba3 Qe6 21. a5 Rac8 22. Rac1 c5 23. axb6 axb6 24. dxc5 bxc5 25. Bb2 Ne4 $11 26. Rfd1 c4 27. Bxe4 Qxe4 28. Qxe4 dxe4 29. Rxc4 Rxc4 30. bxc4 f6 31. Ba3 Ba6 32. c5 Bd3 1/2-1/2

[Event "45th National Sub Junior 2019"]
[Site "Tiruchengode"]
[Date "2019.07.14"]
[Round "8.9"]
[White "Pranesh M"]
[Black "Vignesh, B."]
[Result "1/2-1/2"]
[ECO "C77"]
[WhiteElo "2343"]
[BlackElo "1806"]
[Annotator "ChessBase"]
[PlyCount "206"]
[EventDate "2019.07.09"]
[EventCountry "IND"]
[SourceTitle "playchess.com"]
[Source "ChessBase"]
[SourceQuality "1"]
[TimeControl "5400+30"]

1. e4 e5 2. Nf3 Nc6 3. Bb5 a6 4. Ba4 Nf6 5. O-O Be7 6. d3 d6 7. c3 O-O 8. Nbd2 b5 9. Bc2 d5 10. Qe2 Bg4 11. h3 Bh5 12. Re1 d4 13. Nf1 Bg6 14. Ng3 Nh5 15. Nf5 dxc3 16. bxc3 Nf4 17. Bxf4 exf4 18. Nxe7+ Qxe7 19. Qd2 Qa3 20. Bb3 Rad8 21. Qxf4 Rxd3 22. e5 Nd8 23. Rac1 c5 24. c4 Ne6 25. Qh4 b4 26. Qe7 a5 27. Ng5 Nxg5 28. Qxg5 h6 29. Qf4 Rd4 30. Qe3 a4 31. Bc2 Qxe3 32. fxe3 Rd2 33. e4 Rb8 34. Bxa4 Rxa2 35. Bc6 Rc8 36. Bd5 Re8 37. Ra1 Rxa1 38. Rxa1 Rxe5 39. Ra5 Bxe4 40. Bxe4 Rxe4 41. Rxc5 g6 42. Rc6 Kg7 43. c5 Rc4 44. Rb6 Kf8 45. Rb7 Rxc5 46. Rxb4 Rc2 47. Kh2 Rc3 48. Kg1 Ke7 49. Rb6 Rd3 50. Kf2 Rd6 51. Rb3 Ke6 52. Re3+ Kf6 53. Rf3+ Kg7 54. Ra3 f5 55. h4 g5 56. hxg5 hxg5 57. Kf3 Kf6 58. Rb3 Ke5 59. Re3+ Kd4 60. Re8 Rc6 61. Rd8+ Ke5 62. Re8+ Kf6 63. Rf8+ Kg6 64. Rg8+ Kh6 65. Rh8+ Kg7 66. Ra8 Rc3+ 67. Kf2 Kg6 68. Ra4 f4 69. Ra8 Kf5 70. Rf8+ Kg4 71. Rh8 Rc2+ 72. Kf1 f3 73. gxf3+ Kxf3 74. Rh3+ Kf4 75. Ra3 g4 76. Kg1 Kg5 77. Rb3 Kh4 78. Ra3 Rc1+ 79. Kg2 Rc2+ 80. Kg1 g3 81. Ra8 Kh3 82. Rh8+ Kg4 83. Rg8+ Kf3 84. Rf8+ Kg4 85. Rg8+ Kf4 86. Rf8+ Ke4 87. Re8+ Kf5 88. Rf8+ Kg4 89. Rg8+ Kf4 90. Rf8+ Ke3 91. Re8+ Kf3 92. Rf8+ Kg4 93. Rg8+ Kh3 94. Rh8+ Kg4 95. Rg8+ Kf4 96. Rf8+ Ke4 97. Re8+ Kd4 98. Rg8 Ke4 99. Rxg3 Kf4 100. Rb3 Kg4 101. Kf1 Kf4 102. Ke1 Rh2 103. Kf1 Ke5 1/2-1/2

[Event "45th National Sub Junior 2019"]
[Site "Tiruchengode"]
[Date "2019.07.14"]
[Round "8.10"]
[White "Soham Dey"]
[Black "Nikhil Magizhnan"]
[Result "1/2-1/2"]
[ECO "C02"]
[WhiteElo "1744"]
[BlackElo "2164"]
[Annotator "ChessBase"]
[PlyCount "61"]
[EventDate "2019.07.09"]
[EventCountry "IND"]
[SourceTitle "playchess.com"]
[Source "ChessBase"]
[SourceQuality "1"]
[TimeControl "5400+30"]

1. e4 e6 2. d4 d5 3. e5 c5 4. c3 Nc6 5. Nf3 Qb6 6. Bd3 Bd7 7. dxc5 Bxc5 8. O-O Qc7 9. Re1 Nge7 10. b4 Bb6 11. a4 a6 12. Na3 Ng6 13. Qe2 O-O 14. h4 Rac8 15. h5 Ngxe5 16. Nxe5 Qxe5 17. Qxe5 Nxe5 18. Rxe5 Rxc3 19. Bf1 Rfc8 20. Re1 Bxa4 21. Bd2 R3c7 22. b5 axb5 23. Nxb5 Bxb5 24. Bxb5 Rc2 25. Rec1 Rxc1+ 26. Rxc1 Rxc1+ 27. Bxc1 Bc5 28. Kf1 h6 29. Ke2 Kf8 30. f3 Ke7 31. Kd3 1/2-1/2

[Event "45th National Sub Junior 2019"]
[Site "Tiruchengode"]
[Date "2019.07.15"]
[Round "9.2"]
[White "Pranav, V."]
[Black "Samant Aditya S"]
[Result "0-1"]
[ECO "B88"]
[WhiteElo "2312"]
[BlackElo "2296"]
[Annotator "RC"]
[PlyCount "152"]
[EventDate "2019.07.09"]
[EventCountry "IND"]
[SourceTitle "playchess.com"]
[Source "ChessBase"]
[SourceQuality "1"]
[TimeControl "5400+30"]

1. e4 c5 2. Nf3 d6 3. d4 cxd4 4. Nxd4 Nf6 5. Nc3 Nc6 6. Bc4 e6 7. Be3 a6 8. Qe2 Qc7 9. Bb3 Na5 10. O-O Be7 11. f4 O-O 12. a3 Nxb3 13. cxb3 b5 14. Rac1 Qb7 15. e5 dxe5 16. fxe5 Nd7 17. Qh5 g6 18. Qe2 Bc5 19. b4 Bb6 20. Kh1 Nxe5 21. Bh6 Bxd4 22. Bxf8 Kxf8 23. Qd2 Qb6 24. Rce1 Nc4 25. Qh6+ Kg8 26. Ne4 Bg7 27. Qf4 f5 28. Nc5 Qd6 29. Qf3 Qd5 30. Qf4 Bb7 31. Nxb7 Qxb7 32. Rxe6 Nxb2 33. Qd6 Nc4 34. Qd3 Qf7 35. Rfe1 Rf8 36. Rxa6 Kh8 37. Rae6 Bf6 38. Qd5 Rd8 39. Qc6 Kg7 40. h3 Nxa3 41. Qc5 Rd7 42. Ra6 Nc4 43. Qxb5 Nd6 44. Qa4 Ne4 45. Qa2 Qxa2 46. Rxa2 Rb7 47. Ra4 Nc3 48. Ra6 Rxb4 49. Ra7+ Kh6 50. Re6 Ne4 51. g4 fxg4 52. hxg4 Nf2+ 53. Kg2 Nxg4 54. Kg3 Be5+ 55. Kh3 Kg5 56. Kg2 Rb2+ 57. Kf1 h5 58. Raa6 Bf6 59. Ra5+ Kh4 60. Ra4 Rf2+ 61. Kg1 Rf5 62. Re2 Be5 63. Kg2 Bf4 64. Ree4 Kg5 65. Ra6 Rb5 66. Re2 h4 67. Ra3 Kf5 68. Kh3 g5 69. Kg2 Ne5 70. Rh3 Kg4 71. Rc3 Ng6 72. Re4 h3+ 73. Rxh3 Rb2+ 74. Kh1 Kxh3 75. Re3+ Bg3 76. Ra3 Rb1# 0-1

[Event "45th National Sub Junior 2019"]
[Site "Tiruchengode"]
[Date "2019.07.15"]
[Round "9.6"]
[White "Sanket Chakravarty"]
[Black "Devesh Anand Naik"]
[Result "1-0"]
[ECO "A14"]
[WhiteElo "2107"]
[BlackElo "1943"]
[Annotator "ChessBase"]
[PlyCount "45"]
[EventDate "2019.07.09"]
[EventCountry "IND"]
[SourceTitle "playchess.com"]
[Source "ChessBase"]
[SourceQuality "1"]
[TimeControl "5400+30"]

1. c4 Nf6 2. g3 e6 3. Bg2 d5 4. Nf3 Be7 5. O-O O-O 6. b3 b6 7. Bb2 Bb7 8. cxd5 Nxd5 9. d4 c5 10. Re1 cxd4 11. Nxd4 Nc6 12. e4 Ndb4 13. Nxc6 Bxc6 14. Qg4 Bf6 15. e5 Be7 16. Bxc6 Nxc6 17. Nc3 Bb4 18. Red1 Qb8 19. Ne4 Nxe5 20. Nf6+ Kh8 21. Bxe5 Qxe5 22. Nd7 f5 23. Qxb4 1-0

[Event "45th National Sub Junior 2019"]
[Site "Tiruchengode"]
[Date "2019.07.15"]
[Round "9.7"]
[White "Srihari, L."]
[Black "Aditya Varun Gampa"]
[Result "1-0"]
[ECO "B53"]
[WhiteElo "2077"]
[BlackElo "1918"]
[Annotator "NA RC"]
[PlyCount "121"]
[EventDate "2019.07.09"]
[EventCountry "IND"]
[SourceTitle "playchess.com"]
[Source "ChessBase"]
[SourceQuality "1"]
[TimeControl "5400+30"]

1. e4 c5 2. Nf3 d6 3. d4 cxd4 4. Qxd4 Nc6 5. Bb5 Bd7 6. Bxc6 bxc6 7. O-O Qb6 {[%emt 0:01:18] B53: Sicilian: 2...d6: Lines with Qxd4} 8. Qd3 Nf6 9. c4 g6 10. b3 Bg7 11. Bb2 O-O 12. Nc3 Be6 $146 ({Predecessor:} 12... Rad8 13. Rad1 Bg4 14. h3 Bxf3 15. Qxf3 Nd7 16. Na4 {1-0 (52) Zhigalko,S (2647)-Iljin,T (2422) Alushta 2010}) 13. Nd4 Nd7 (13... Bd7 $11) 14. Na4 Qc7 15. Nxe6 fxe6 16. Bxg7 Kxg7 17. f4 Rf6 18. Rad1 e5 19. f5 Raf8 20. g4 g5 {[%emt 0:04:47] [#]} 21. h4 $1 gxh4 22. g5 R6f7 23. Qh3 h6 24. Qxh4 hxg5 25. Qxg5+ Kh8 26. Kf2 Nf6 27. Qh6+ Nh7 28. Ke2 d5 29. Nc5 Qa5 30. Ne6 Qxa2+ 31. Rd2 Qxb3 32. Nxf8 Qxc4+ 33. Kf2 Rxf8 34. Rh1 Rf7 35. Rh4 Rg7 36. Re2 Qc5+ 37. Qe3 d4 38. Qd3 Qc1 39. Re1 Qg5 40. Reh1 c5 41. Qb3 Qd2+ 42. Kf1 Qb4 43. Qxb4 cxb4 44. Ke2 Kg8 $11 45. Rb1 a5 46. Ra1 Nf6 47. Rxa5 Rg2+ 48. Kf3 Rc2 49. Rxe5 Kf7 50. Rb5 Rc3+ 51. Kf4 b3 52. e5 d3 53. Ke3 Ne8 54. Rh7+ Kf8 55. Rh8+ Kf7 56. e6+ Kf6 57. Rf8+ Kg5 58. f6+ Kg4 59. Rg8+ Kh4 60. f7 Nd6 61. f8=Q 1-0

[Event "45th National Sub Junior 2019"]
[Site "Tiruchengode"]
[Date "2019.07.15"]
[Round "9.8"]
[White "Arjun Gupta"]
[Black "Ilamparthi A R"]
[Result "1/2-1/2"]
[ECO "A48"]
[WhiteElo "1851"]
[BlackElo "2036"]
[Annotator "NA RC"]
[PlyCount "124"]
[EventDate "2019.07.09"]
[EventCountry "IND"]
[SourceTitle "playchess.com"]
[Source "ChessBase"]
[SourceQuality "1"]
[TimeControl "5400+30"]

1. d4 Nf6 2. Bf4 g6 3. e3 Bg7 4. Nf3 O-O 5. Be2 d6 6. h3 b6 7. O-O Bb7 8. a4 a5 9. c3 Nbd7 10. Nbd2 Re8 {[%emt 0:04:18] A48: 1 d4 Nf6 2 Nf3 g6: Torre, London and Colle Systems} 11. Bh2 e5 12. dxe5 dxe5 13. Nc4 {[%emt 0:00:24] [#]} (13. Qc2 Qe7 14. Rfd1 Red8 15. Bg3 Ne8 16. Nc4 f6 17. Nfd2 Bf8 18. Rdb1 {0-1 (60) Cori Tello,J (2609)-Salgado Lopez,I (2662) Baku 2016}) 13... Nd5 $146 ({Predecessor:} 13... Ne4 14. Qc2 Qe7 15. Rad1 Rad8 16. Rfe1 Ng5 17. Ncd2 Nc5 18. Nxg5 Qxg5 {½-½ (51) Tang,A (2475)-Zakhartsov,V (2539) Riga 2017}) 14. Qc2 Qe7 15. Rfd1 Rad8 16. Rd2 f6 17. Rad1 Nc5 18. Na3 Kh8 19. Bc4 c6 20. e4 Nc7 21. h4 h5 22. Rxd8 Rxd8 23. Rxd8+ Qxd8 24. Bf7 Kh7 25. Bxe5 fxe5 26. Ng5+ Kh8 {[%emt 0:00:30] [#]} 27. Bxg6 $2 (27. b4 $1 $16 {is forced if you want to stay better.}) 27... Qf6 28. Bxh5 N7e6 29. Nxe6 Qxe6 30. Be2 Qe7 31. g3 Bc8 32. Nc4 Be6 33. b4 axb4 34. cxb4 Nd7 35. Qd2 Bf8 36. b5 cxb5 37. axb5 Qc5 38. Ne3 (38. Qg5 $11) 38... Nf6 39. Qd3 {[%emt 0:03:42] [#]} Be7 (39... Qd4 $1 $17 40. Qxd4 exd4) 40. Kg2 Ne8 41. Bg4 Bf7 42. Nf5 Bf8 43. Qd7 Kg8 44. Ne3 Nf6 45. Qf5 Bg7 46. Bf3 Qxb5 47. Qg5 Nh7 48. Qd8+ Bf8 $11 49. Ng4 Qc5 50. Nh6+ Kg7 51. Nxf7 Kxf7 52. Qd7+ Kg8 53. Bg4 Qe7 54. Qc6 Qd6 55. Qe8 Qe7 56. Qg6+ Kh8 57. Qxb6 Nf6 58. Bf5 Qg7 59. Qe6 Qe7 60. Qxe7 Bxe7 61. f4 exf4 62. gxf4 Nxe4 1/2-1/2

[Event "45th National Sub Junior 2019"]
[Site "Tiruchengode"]
[Date "2019.07.15"]
[Round "9.9"]
[White "Srikrishnan P"]
[Black "Aditya Bikram Paul"]
[Result "1/2-1/2"]
[ECO "E16"]
[WhiteElo "1990"]
[BlackElo "1761"]
[Annotator "NA RC"]
[PlyCount "60"]
[EventDate "2019.07.09"]
[EventCountry "IND"]
[SourceTitle "playchess.com"]
[Source "ChessBase"]
[SourceQuality "1"]
[TimeControl "5400+30"]

1. d4 Nf6 2. c4 e6 3. Nf3 Bb4+ 4. Bd2 c5 5. Bxb4 cxb4 6. g3 b6 7. Bg2 Bb7 8. O-O O-O 9. a3 Nc6 {[%emt 0:03:09] E16: Queen's Indian: 4 g3 Bb7 5 Bg2 Bb4+} (9... Qe7 10. Nbd2 Na6 11. Re1 bxa3 12. Rxa3 Nb4 13. e4 d6 14. Nh4 Rfd8 15. Bf1 a5 16. Ng2 e5 17. d5 Nd7 {½-½ (39) Kuzubov,Y (2635)-Moiseenko,A (2649) Izmir 2016}) 10. d5 $146 ({Predecessor:} 10. Ne5 a5 11. Nd3 d5 12. cxd5 Nxd5 13. e3 Qd7 14. axb4 Ndxb4 15. Nxb4 Nxb4 16. Nc3 Rac8 17. Bxb7 Qxb7 {½-½ (58) Thejkumar,M (2461)-Gurevich,D (2368) Montcada 2015}) 10... Na5 11. Ne5 exd5 12. axb4 Nc6 13. Bxd5 Nxd5 14. Qxd5 Qe7 15. Nxc6 ({Reject} 15. Qxd7 Qxd7 16. Nxd7 Rfd8 $17) ({Inferior is} 15. Nxd7 Rfd8 $17) 15... dxc6 16. Qd2 Rfd8 17. Qf4 c5 ({Don't go for} 17... Qxb4 $2 18. Qc7 $18) 18. bxc5 Qxc5 19. Nc3 Rd4 20. Qe3 (20. e4 $14) 20... Rxc4 21. Qxc5 Rxc5 22. Rfd1 a5 23. Rd6 Bc6 24. Na4 Bxa4 25. Rxa4 Rb5 26. b4 g6 27. bxa5 bxa5 28. Rd3 Ra7 29. Rda3 Ra6 30. Kg2 Kg7 $11 1/2-1/2

[Event "45th National Sub Junior 2019"]
[Site "Tiruchengode"]
[Date "2019.07.15"]
[Round "9.10"]
[White "Jain Kashish Manoj"]
[Black "Komal Srivatsav Sajja"]
[Result "1/2-1/2"]
[ECO "B28"]
[WhiteElo "1970"]
[BlackElo "1832"]
[Annotator "NA RC"]
[PlyCount "218"]
[EventDate "2019.07.09"]
[EventCountry "IND"]
[SourceTitle "playchess.com"]
[Source "ChessBase"]
[SourceQuality "1"]
[TimeControl "5400+30"]

1. e4 c5 2. Nf3 a6 3. d4 cxd4 4. Nxd4 Nf6 5. Nc3 e5 6. Nf3 Bb4 7. Bd2 d6 8. Bd3 O-O 9. O-O Bg4 {[%emt 0:00:21] B28: Sicilian: 2 Nf3 a6 (O'Kelly Variation)} 10. h3 Bh5 11. g4 Bxc3 $146 ({Predecessor:} 11... Bg6 12. Bg5 Bxc3 13. bxc3 h6 14. Bh4 Nbd7 15. c4 Qc7 16. Nd2 Rfe8 17. a4 {1-0 (52) Figari,E (2080)-Aparicio,A (2305) Buenos Aires 1998}) 12. Bxc3 Bg6 13. Qe2 Nbd7 14. Bb4 Qc7 15. Nh4 Rfe8 16. c4 Nf8 17. Bd2 Ne6 18. f3 Nd7 19. Be3 Ndf8 20. Qf2 Nd7 21. Rfd1 Nb8 22. Rac1 Nc6 23. Bb1 Ned4 24. f4 h6 (24... f6 $16) 25. f5 Bh7 26. Nf3 Nxf3+ 27. Qxf3 Qe7 28. Qg3 g5 29. Qf2 f6 30. c5 dxc5 31. Bxc5 Qc7 32. Bb6 Qg7 33. Rd6 Re7 34. Bc2 Kh8 35. Ba4 Rd7 36. Rxd7 Qxd7 37. Rd1 Qe7 38. Bxc6 bxc6 39. Bc5 Qc7 $18 40. Qd2 Rb8 41. b4 Qf7 42. a4 Qb3 43. Qd3 Bg8 44. a5 Rc8 45. Qxb3 Bxb3 46. Rd6 Kg7 47. Rd7+ Kg8 48. Kf2 Bc4 49. Bb6 Rf8 50. Rd6 Bb5 51. Bd8 Kg7 52. Ke3 Rf7 53. Kd2 Rf8 54. Kc2 Ba4+ 55. Kc3 Bb5 56. Kb2 Rf7 57. Re6 Rf8 58. Be7 Rf7 59. Kc3 Bf1 60. b5 Bxb5 61. Kb4 Bf1 62. Bd8 Bxh3 63. Rxc6 Bf1 64. Kc5 Be2 65. Kd6 Bb5 66. Rc8 Rd7+ 67. Ke6 Rf7 68. Be7 Ba4 69. Rc7 Bb3+ 70. Kd6 Ba4 71. Rb7 Bc2 72. Ke6 Kg8 73. Rb8+ Kg7 74. Rb7 Kg8 75. Rb2 Bxe4 76. Bxf6 Bf3 77. Rh2 h5 78. gxh5 g4 79. Bxe5 g3 80. Bxg3 Bg4 81. Rf2 Bxh5 82. Bd6 Bd1 83. Be7 Bb3+ 84. Kd6 Bc4 85. f6 Rh7 86. Rf4 Ba2 87. Kc6 Bb1 88. Rd4 Kf7 89. Kb6 Rh3 90. Kxa6 Rb3 91. Ka7 Bf5 92. Rd6 Rb5 93. Ra6 Bc8 94. Bd8 Bxa6 95. Kxa6 Rb8 96. Be7 Rb3 97. Ka7 Rb1 98. Bd8 Rb3 99. Ka8 Rb4 100. a6 Rb3 101. Ka7 Ke6 102. Be7 Kf7 103. Ka8 Rb6 104. Ka7 Rb3 105. Bd8 Ke6 106. Bb6 Kxf6 107. Kb7 Ra3 108. a7 Rxa7+ 109. Bxa7 Ke5 1/2-1/2

[Event "45th National Sub Junior 2019"]
[Site "Tiruchengode"]
[Date "2019.07.16"]
[Round "10.5"]
[White "Srikrishnan P"]
[Black "Pranesh M"]
[Result "1/2-1/2"]
[ECO "D07"]
[WhiteElo "1990"]
[BlackElo "2343"]
[Annotator "RC"]
[PlyCount "79"]
[EventDate "2019.07.09"]
[EventCountry "IND"]
[SourceTitle "playchess.com"]
[Source "ChessBase"]
[SourceQuality "1"]
[TimeControl "5400+30"]

1. d4 d5 2. c4 Nc6 3. Nf3 Bg4 4. Nc3 e6 5. e3 Nf6 6. Be2 Bb4 7. O-O Bxc3 8. bxc3 Ne4 9. Qc2 O-O 10. Ba3 Re8 11. Rfc1 Qf6 12. Rab1 Rab8 13. h3 Bh5 14. cxd5 exd5 15. c4 dxc4 16. Rb5 Qh6 17. Qxc4 Bxf3 18. Bxf3 Nxf2 19. Rc3 Nxh3+ 20. gxh3 Rxe3 21. Qxc6 Re1+ 22. Kh2 Qf4+ 23. Kg2 Qd2+ 24. Kg3 Rg1+ 25. Bg2 Rxg2+ 26. Qxg2 Qxc3+ 27. Qf3 Qxd4 28. Bb2 Qd6+ 29. Be5 Qh6 30. Bf4 Qa6 31. Rb2 Re8 32. Rg2 c5 33. Kh2 Qf6 34. Qg3 c4 35. Bd2 Qg6 36. Qf4 Qe4 37. Qxe4 Rxe4 38. Bc3 g6 39. Rd2 f5 40. Rd8+ 1/2-1/2

[Event "45th National Sub Junior 2019"]
[Site "Tiruchengode"]
[Date "2019.07.16"]
[Round "10.9"]
[White "Aditya Bikram Paul"]
[Black "Nikhil Magizhnan"]
[Result "0-1"]
[ECO "A20"]
[WhiteElo "1761"]
[BlackElo "2164"]
[Annotator "RC"]
[PlyCount "108"]
[EventDate "2019.07.09"]
[EventCountry "IND"]
[SourceTitle "playchess.com"]
[Source "ChessBase"]
[SourceQuality "1"]
[TimeControl "5400+30"]

1. c4 e5 2. g3 Nf6 3. Bg2 c6 4. d4 e4 5. Nc3 d5 6. Bg5 Nbd7 7. cxd5 cxd5 8. Nh3 h6 9. Bf4 g5 10. Be5 Bg7 11. Qb3 O-O 12. O-O Re8 13. f4 exf3 14. Bxf6 Qxf6 15. exf3 Qxd4+ 16. Kh1 Nc5 17. Qxd5 Qxd5 18. Nxd5 Re2 19. Rae1 Rd2 20. Ne7+ Kf8 21. Nxc8 Rxc8 22. Rf2 Rcd8 23. Bf1 Rxb2 24. Rxb2 Bxb2 25. Nf2 Bg7 26. Ne4 Ne6 27. a4 f5 28. Nf2 Nc5 29. Rc1 b6 30. a5 Rd2 31. axb6 axb6 32. Nh3 Nd3 33. Rc6 Ne5 34. Rc8+ Ke7 35. Ng1 g4 36. Rc7+ Kf8 37. Rc8+ Kf7 38. Rc7+ Kg6 39. f4 Nf3 40. Nxf3 gxf3 41. Rc1 Bd4 42. Rb1 Kf6 43. Ba6 Ra2 44. Bb5 Ke7 45. Rf1 Ra3 46. Bc6 f2 47. Kg2 Kd6 48. Bf3 b5 49. Rd1 Kc5 50. Rc1+ Kb4 51. Rb1+ Kc3 52. Rxb5 Ra1 53. Be2 Rg1+ 54. Kh3 Re1 0-1

[Event "45th National Sub Junior 2019"]
[Site "Tiruchengode"]
[Date "2019.07.16"]
[Round "10.10"]
[White "Ilamparthi A R"]
[Black "Praloy Sahoo"]
[Result "0-1"]
[ECO "D00"]
[WhiteElo "2036"]
[BlackElo "1905"]
[Annotator "NA RC"]
[PlyCount "120"]
[EventDate "2019.07.09"]
[EventCountry "IND"]
[SourceTitle "playchess.com"]
[Source "ChessBase"]
[SourceQuality "1"]
[TimeControl "5400+30"]

1. d4 d5 2. Nc3 Nf6 3. Bf4 Bf5 4. Nf3 e6 5. Nb5 Na6 6. e3 c6 7. Nc3 Qb6 8. Rb1 Nb4 9. Bd3 Nxd3+ 10. cxd3 Be7 11. Ne5 h6 12. O-O O-O 13. Qe2 Rac8 14. Rfc1 c5 15. e4 dxe4 16. dxe4 Bh7 17. dxc5 Bxc5 18. Na4 Qa5 19. Nxc5 Rxc5 20. Rxc5 Qxc5 21. Rc1 Qa5 22. f3 Nh5 23. Qd2 Qb5 24. Nd7 Nxf4 25. Rc5 Qd3 26. Qxd3 Nxd3 27. Rc3 Nf4 28. Rc7 Ra8 29. Rxb7 Bg6 30. g3 Nh3+ 31. Kg2 Ng5 32. Ne5 Rc8 33. h4 Rc2+ 34. Kf1 Nh3 35. Rb8+ Kh7 36. Nd7 h5 37. Nf8+ Kh6 38. Nd7 Bh7 39. Ne5 f5 40. Nf7+ Kg6 41. Rf8 Bg8 42. Nd6 fxe4 43. Nxe4 Bf7 44. g4 Nf4 45. Nd6 Rc7 46. b3 e5 47. g5 Be6 48. Re8 Rc1+ 49. Kf2 Rc2+ 50. Ke1 Rc6 51. Ne4 Ng2+ 52. Kd2 Nxh4 53. Ke3 Nf5+ 54. Kf2 Nd4 55. Ke3 Rc8 56. Rxc8 Bxc8 57. Nd6 Nf5+ 58. Nxf5 Kxf5 59. b4 Bb7 60. a4 Kxg5 0-1

[Event "45th National Sub Junior 2019"]
[Site "Tiruchengode"]
[Date "2019.07.17"]
[Round "11.6"]
[White "Nikhil Magizhnan"]
[Black "Anadkat Kartavya"]
[Result "*"]
[ECO "C68"]
[WhiteElo "2164"]
[BlackElo "1941"]
[Annotator "ChessBase"]
[PlyCount "62"]
[EventDate "2019.07.09"]
[EventCountry "IND"]
[SourceTitle "playchess.com"]
[Source "ChessBase"]
[SourceQuality "1"]
[TimeControl "5400+30"]

1. e4 e5 2. Nf3 Nc6 3. Bb5 a6 4. Bxc6 dxc6 5. O-O Bg4 6. h3 Bh5 7. g4 Bg6 8. Nxe5 Qh4 9. Qf3 f6 10. Nxg6 hxg6 11. Kg2 g5 12. d4 O-O-O 13. Be3 Ne7 14. Nd2 Kb8 15. Rh1 Ng6 16. Qf5 Qh6 17. Nf3 Ne7 18. Qe6 Qg6 19. Nd2 Qe8 20. Rae1 Rh6 21. Qb3 Ng6 22. Nf3 Rh8 23. e5 c5 24. d5 Nxe5 25. Nxe5 Qxe5 26. Bxc5 Qf4 27. Be3 Qe4+ 28. f3 Qxd5 29. Rd1 Qxd1 30. Rf1 Qe1 31. Rxe1 Rd1 *

[Event "45th National Sub Junior 2019"]
[Site "Tiruchengode"]
[Date "2019.07.17"]
[Round "11.10"]
[White "Arjun Gupta"]
[Black "Srikrishnan P"]
[Result "1/2-1/2"]
[ECO "D00"]
[WhiteElo "1851"]
[BlackElo "1990"]
[Annotator "NA"]
[PlyCount "154"]
[EventDate "2019.07.09"]
[EventCountry "IND"]
[SourceTitle "playchess.com"]
[Source "ChessBase"]
[SourceQuality "1"]
[TimeControl "5400+30"]

1. d4 d5 2. Bf4 Nf6 3. e3 c5 4. c3 Nc6 5. Nd2 Bf5 6. Qb3 {[%emt 0:00:07] D00: 1 d4 d5: Unusual lines} Qd7 7. Ngf3 c4 8. Qd1 e6 9. Be2 h6 10. h3 Bd6 11. O-O Bxf4 $146 ({Predecessor:} 11... O-O 12. b3 b5 {0-1 (86) Grachev,B (2654)-Eljanov,P (2742) Moscow 2010}) 12. exf4 O-O 13. b4 cxb3 14. axb3 Qc7 15. Ne5 Rfc8 16. Bg4 Nxe5 17. dxe5 Nxg4 18. hxg4 Bd3 19. Re1 Qxc3 20. Re3 Qc2 21. Nf3 Qxd1+ 22. Rxd1 Bb5 23. Nd4 Bd7 24. f5 a5 25. f4 b5 26. fxe6 fxe6 27. f5 Kf7 28. fxe6+ Bxe6 29. Nxb5 Ke7 30. Nd6 Rf8 31. Rd4 Ra7 32. Rc3 Kd7 33. Ra4 Rb8 34. Nf5 Rb4 35. Nd4 Rab7 36. Rc6 Rxa4 37. bxa4 Bxg4 38. Rg6 Rb1+ 39. Kf2 h5 40. Rxg7+ Ke8 41. Nb5 Rb2+ 42. Kg3 Re2 43. Nd6+ Kf8 44. Rf7+ Kg8 45. Ra7 Rxe5 46. Rxa5 Re3+ 47. Kf4 Re2 48. g3 d4 49. Rd5 Ra2 50. Rxd4 Bd7 51. Nb5 Be8 52. Nc3 Rc2 53. Ne4 Bc6 54. Nf6+ Kf7 55. Ne4 Ra2 56. Nc5 Rc2 57. Nd3 Be8 58. a5 Ra2 59. Rd5 Ra4+ 60. Kf5 Ke7 61. Nf4 Ra3 62. Re5+ Kd8 $1 63. Ne2 Bd7+ 64. Kf4 Bg4 $1 65. Nd4 Kc8 66. Rc5+ Kb7 67. Nb5 Rf3+ 68. Ke5 Rxg3 69. Nd6+ Ka6 70. Kf4 Rd3 71. Ne4 Ra3 72. Nf6 Rf3+ 73. Kg5 Rf5+ 74. Rxf5 $11 Bxf5 75. Nxh5 Bb1 76. Nf4 Kxa5 77. Nd3 Bxd3 1/2-1/2